 Dungeon Crawl Stone Soup version 0.32-a0-814-g0968bab981 (webtiles) character file.

Game seed: 16655487422794773968

319 smashvw the Insei (level 6, -9/47 HPs)
             Began as a Gnoll Wanderer on Mar 22, 2024.
             Was an Initiate of Ashenzari.
             Mangled by an orc
             ... wielding a +0 morningstar
              (11 damage)
             ... on level 4 of the Dungeon.
             The game lasted 00:07:42 (2715 turns).

smashvw the Insei (Gnoll Wanderer)                  Turns: 2715, Time: 00:07:43

Health: -9/47      AC:  4    Str: 20    XL:     6   Next: 45%
Magic:  11/11      EV: 11    Int: 12    God:    Ashenzari [......]
Gold:   199        SH:  0    Dex: 16    Spells: 10/12 levels left

rFire   . . .        r - +4 mace
rCold   . . .        (no shield)
rNeg    . . .        d - +0 robe of Apeoromancy {Elem, Dev} (curse)
rPois   .            b - +0 helmet
rElec   .            z - scarf {+Inv}
rCorr   .            (no gloves)
SInv    .            s - +0 pair of boots
Will    .....        B - amulet of regeneration
Stlth   +++          o - +6 ring of strength
HPRegen 1.07/turn    D - +6 ring of strength
MPRegen 0.12/turn

%: no passive effects
@: about to teleport
A: fangs 1, strong nose, distributed training
a: Renounce Religion, Evoke Invisibility, Shatter the Chains


You were on level 4 of the Dungeon.
You worshipped Ashenzari.
Ashenzari was noncommittal.
You visited 1 branch of the dungeon, and saw 4 of its levels.

You collected 199 gold pieces.

Inventory:

Hand Weapons
 a - a +0 dagger
 r - a +4 mace (weapon)
 E - a +3 hammer
Missiles
 A - a throwing net
 F - 2 poisoned darts
Armour
 b - a +0 helmet (worn)
 d - the cursed +0 robe of Apeoromancy (worn) {Elem, Dev}

   It has a curse which improves the following skills: Elements: Fire Magic, Ice
   Magic, Air Magic and Earth Magic.
   Devices:   Evocations and Shapeshifting.
 f - a +0 pair of boots
 s - a +0 pair of boots (worn)
 z - a scarf of invisibility (worn)
Jewellery
 o - a +6 ring of strength (left hand)
 q - an amulet of guardian spirit
 v - a +6 ring of dexterity
 w - a ring of see invisible
 B - an amulet of regeneration (around neck)
 C - a ring of ice
 D - a +6 ring of strength (right hand)
Scrolls
 c - 3 scrolls of teleportation
 h - 5 scrolls of identify {unknown}
 k - a scroll of summoning {unknown}
 l - 3 scrolls of poison {unknown}
 m - 2 scrolls of enchant armour {unknown}
 p - 2 scrolls of noise {unknown}
 u - a scroll of vulnerability {unknown}
 y - a scroll of fear {unknown}
Potions
 e - 2 potions of lignification
 g - 2 potions of heal wounds {unknown}
 i - a potion of might {unknown}
 j - 2 potions of curing {unknown}
 n - a potion of resistance {unknown}
 t - a potion of degeneration {unknown}
 x - a potion of haste {unknown}
 G - a potion of mutation {unknown}


   Skills:
 + Level 3.3 Fighting
 + Level 2.0 Short Blades
 + Level 2.0 Long Blades
 + Level 2.0 Axes
 + Level 2.0 Maces & Flails
 + Level 2.0 Polearms
 + Level 2.0 Staves
 + Level 2.0 Ranged Weapons
 + Level 2.0 Throwing
 + Level 2.0 Armour
 + Level 2.0 Dodging
 + Level 4.6 Stealth
 + Level 2.0 Shields
 + Level 6.8 Unarmed Combat
 + Level 3.5 Spellcasting
 + Level 1.6 Conjurations
 + Level 1.6 Hexes
 + Level 1.6 Summonings
 + Level 1.6 Necromancy
 + Level 5.7 Translocations
 + Level 1.6(2.0) Fire Magic
 + Level 1.6(2.0) Ice Magic
 + Level 1.6(2.0) Air Magic
 + Level 1.6(2.0) Earth Magic
 + Level 1.6 Alchemy
 + Level 2.2 Invocations
 + Level 2.0(2.3) Evocations
 + Level 1.8(2.1) Shapeshifting


You had 10 spell levels left.
You knew the following spells:

 Your Spells              Type           Power      Damage    Failure   Level
a - Apportation           Tloc           30%        N/A       2%          1
b - Summon Small Mammal   Summ           24%        N/A       12%         1

Your spell library contained the following spells:

 Spells                   Type           Power      Damage    Failure   Level
 Necrotise                Necr           24%        1d5       12%         1
 Sting                    Conj/Alch      24%        1d4       12%         1
 Manifold Assault         Tloc           15%        N/A       22%         4
 Dimensional Bullseye     Hex/Tloc       5%         N/A       45%         4


Dungeon Overview and Level Annotations

Branches:
Dungeon (4/15)
 Temple: D:4-7

Altars:
Ashenzari
Ru
Sif Muna
Vehumet
Beogh

Annotations:
D:3 3 runed translucent doors, Jefftoothebobb's ghost, amateur CoBe
D:4 1 runed translucent door, Crazy Yiuf


Innate Abilities, Weirdness & Mutations

You have very sharp teeth.
Your uncanny sense of smell can sniff out nearby items.
Your experience applies equally to all skills.


Message History

You sock the orc!
You kill the orc!
The orc priest hits you with a +0 falchion!
The orc hits you with a +0 morningstar!
You are too injured to fight recklessly!
The orc priest mumbles some strange prayers to Beogh against you.
You barely resist. The orc hits you with a +0 morningstar!
* * * LOW HITPOINT WARNING * * *
The orc barely misses you.
The orc wizard attacks as it pursues you!
The orc wizard misses you.
Found 13 gold pieces.
You barely miss the orc wizard.
The orc wizard hits you but does no damage. x2
You miss the orc wizard. The orc wizard closely misses you.
You hit the orc wizard. Your bite misses the orc wizard.
The orc wizard is lightly wounded.
The orc hits you with a +0 morningstar!
* * * LOW HITPOINT WARNING * * *
The orc closely misses you.
The orc priest hits you but does no damage.
The orc wizard hits you but does no damage.
The orc barely misses you.
You hit the orc priest but do no damage.
The orc priest hits you with a +0 falchion.
* * * LOW HITPOINT WARNING * * *
The orc completely misses you. The orc wizard completely misses you.
The orc closely misses you.
The orc priest hits you with a +0 falchion!
* * * LOW HITPOINT WARNING * * *
The orc barely misses you. The orc wizard misses you.
Okay, then.
As you read the scroll of teleportation, it crumbles to dust.
You feel strangely unstable. The orc closely misses you.
The orc priest hits you but does no damage.
The orc hits you but does no damage.
The orc wizard hits you with a +0 dagger.
* * * LOW HITPOINT WARNING * * *
The orc hits you with a +0 morningstar!
You die...

####...###.....
#......#....####
>......)........
#....≈≈≈.........
#....≈.≈.........
#....≈≈≈......####
#..........##....##
#..#.###o...#......
#..#..@.o..........+
.......oo#..........##
......................
...............##...# .
....................## .
$....................##.
....#...#............#..
##....#.#)#.....#....#..
#....#.#.#.##..........


You could see an orc priest, an orc wizard and 2 orcs.

Vanquished Creatures
  A kobold brigand (D:4)
  3 hounds (D:4)
  An iguana (D:4)
  4 gnolls
  4 adders
  A dart slug (D:3)
  An orc (D:4)
  3 ball pythons
  5 endoplasms
  4 giant cockroaches
  5 goblins
  3 hobgoblins
  5 jackals
  8 kobolds
  A quokka (D:2)
  4 bats
  4 frilled lizards
  8 rats
65 creatures vanquished.

Notes
Turn   | Place    | Note
-------+----------+-------------------------------------------
     0 | D:1      | smashvw the Gnoll Wanderer began the quest for the Orb.
     0 | D:1      | smashvw set off with the following items: a +0 dagger, a +0
                  | helmet, a scroll of teleportation, a +0 robe, a potion of
                  | lignification; and the following spell memorised:
                  | Apportation; and the following spells available to
                  | memorise: Manifold Assault, Dimensional Bullseye.
     0 | D:1      | Reached XP level 1. HP: 17/17 MP: 4/4
   201 | D:1      | Reached XP level 2. HP: 23/23 MP: 5/5
   480 | D:1      | Reached XP level 3. HP: 23/28 MP: 7/7
   928 | D:2      | Reached skill level 1 in Invocations
  1216 | D:2      | Reached skill level 1 in Short Blades
  1216 | D:2      | Reached skill level 1 in Long Blades
  1216 | D:2      | Reached skill level 1 in Axes
  1216 | D:2      | Reached skill level 1 in Maces & Flails
  1216 | D:2      | Reached skill level 1 in Polearms
  1216 | D:2      | Reached skill level 1 in Staves
  1216 | D:2      | Reached skill level 1 in Ranged Weapons
  1216 | D:2      | Reached skill level 1 in Throwing
  1216 | D:2      | Reached skill level 1 in Armour
  1216 | D:2      | Reached skill level 1 in Dodging
  1216 | D:2      | Reached skill level 1 in Shields
  1216 | D:2      | Reached skill level 1 in Evocations
  1271 | D:2      | Found a radiant altar of Vehumet.
  1678 | D:3      | Reached skill level 1 in Shapeshifting
  1678 | D:3      | Reached XP level 4. HP: 31/34 MP: 6/8
  1810 | D:3      | Reached skill level 1 in Conjurations
  1810 | D:3      | Reached skill level 1 in Hexes
  1810 | D:3      | Reached skill level 1 in Summonings
  1810 | D:3      | Reached skill level 1 in Necromancy
  1810 | D:3      | Reached skill level 1 in Fire Magic
  1810 | D:3      | Reached skill level 1 in Ice Magic
  1810 | D:3      | Reached skill level 1 in Air Magic
  1810 | D:3      | Reached skill level 1 in Earth Magic
  1810 | D:3      | Reached skill level 1 in Alchemy
  1832 | D:3      | Found a shimmering blue altar of Sif Muna.
  1875 | D:3      | Found a runed translucent gate.
  1880 | D:3      | Found a runed translucent gate.
  1880 | D:3      | Found a runed translucent gate.
  1890 | D:3      | Identified the +3 scale mail of Gyufoxkidd {Str+2 SInv}
  1907 | D:3      | Noticed Jefftoothebobb's ghost (amateur CoBe)
  1969 | D:3      | Found a broken altar of Ashenzari.
  1974 | D:3      | Became a worshipper of Ashenzari the Shackled
  2080 | D:3      | Reached XP level 5. HP: 39/40 MP: 9/9
  2098 | D:3      | Found a sacrificial altar of Ru.
  2214 | D:3      | Found a roughly hewn altar of Beogh.
  2568 | D:4      | Reached XP level 6. HP: 45/47 MP: 11/11
  2594 | D:4      | Found a runed translucent door.
  2595 | D:4      | Noticed Crazy Yiuf
  2691 | D:4      | Learned a level 1 spell: Summon Small Mammal
  2714 | D:4      | HP: 1/47 [orc wizard/+0 dagger (4)]
  2715 | D:4      | Mangled by an orc

Illustrated notes

Levels and vault maps discovered:
D:1:      dpeg_arrival_rooms_c, layout_basic
D:2:      layout_loops_ring, basic_altar
D:3:      layout_rooms, lemuel_doored_altar, nicolae_sif_muna_little_library,
          mainiacjoe_overflow_surrounded_room, biasface_ghost_orc_armoury
D:4:      layout_basic, kennysheep_vampire_church,
          corexii_item_surrounded_by_moat, uniq_crazy_yiuf_cottage

Skill      XL: |  1  2  3  4  5  6 |
---------------+-------------------+-----
Invocations    | 1 2 |  2.2
Short Blades   | 1 2 |  2.0
Long Blades    | 1 2 |  2.0
Axes           | 1 2 |  2.0
Maces & Flails | 1 2 |  2.0
Polearms       | 1 2 |  2.0
Staves         | 1 2 |  2.0
Ranged Weapons | 1 2 |  2.0
Throwing       | 1 2 |  2.0
Armour         | 1 2 |  2.0
Dodging        | 1 2 |  2.0
Shields        | 1 2 |  2.0
Evocations     | 1 2 |  2.0
Spellcasting   | 3 |  3.5
Shapeshifting  | 1 |  1.8
Conjurations   | 1 |  1.6
Hexes          | 1 |  1.6
Summonings     | 1 |  1.6
Necromancy     | 1 |  1.6
Fire Magic     | 1 |  1.6
Ice Magic      | 1 |  1.6
Air Magic      | 1 |  1.6
Earth Magic    | 1 |  1.6
Alchemy        | 1 |  1.6
Fighting       | 3 |  3.3
Stealth        | |  4.6
Unarmed Combat | |  6.8
Translocations | |  5.7

Action                     |  1- 3 |  4- 6 || total
---------------------------+-------+-------++-------
  Melee: Dagger            |    96 |       ||    96
         Bite              |    10 |    10 ||    20
         Mace              |    35 |    95 ||   130
   Cast: Apportation       |       |     1 ||     1
 Invoke: Curse Item        |       |     1 ||     1
    Use: Scroll            |       |     1 ||     1
   Stab: Sleeping          |    13 |     6 ||    19
         Distracted        |       |     1 ||     1
 Armour: Robe              |    79 |    66 ||   145
  Dodge: Dodged            |    89 |    81 ||   170

Table legend: (Time is in decaauts)
 A = Elapsed time spent in this place.
 B = Non-inter-level travel time spent in this place.
 C = Inter-level travel time spent in this place.
 D = Time resting spent in this place.
 E = Time spent auto-exploring this place.
 F = Levels seen in this place.
 G = Mean time per level.
                   A        B        C        D        E       F      G
               +--------+--------+--------+--------+--------+-----+--------+
         Total |   2753 |   2715 |     38 |      0 |   2090 |   4 |  688.2 |
       Dungeon |   2753 |   2715 |     38 |      0 |   2090 |   4 |  688.2 |
               +--------+--------+--------+--------+--------+-----+--------+

Top non-repeatable levels by time:
     D:1: 904 daAuts
     D:2: 745 daAuts
     D:3: 620 daAuts
     D:4: 482 daAuts
